 Dungeon Crawl Stone Soup version 0.29-a0-997-gf6f7e2dfe7 (webtiles) character file.

Game seed: 14339875631426021826

1924 RevDB the Destroyer (level 8, -2/41 HPs)
             Began as a Deep Elf Conjurer on Aug 4, 2022.
             Was an Initiate of Vehumet.
             Killed from afar by Maggie (33 damage)
             ... with a bolt of fire
             ... on level 6 of the Dungeon.
             The game lasted 00:37:43 (4360 turns).

RevDB the Destroyer (Deep Elf Conjurer)             Turns: 4360, Time: 00:37:44

Health: -2/41      AC:  6    Str:  4    XL:     8   Next: 96%
Magic:  15/23      EV: 13    Int: 26    God:    Vehumet [......]
Gold:   228        SH:  0    Dex: 13    Spells: 11/25 levels left

rFire   . . .      SeeInvis .   J - +6 flail (protect)
rCold   . . .      Faith    .   (no shield)
rNeg    + . .      Spirit   .   c - +2 robe {Will+}
rPois   .          Reflect  .   (no helmet)
rElec   .          Harm     .   F - +0 cloak
rCorr   .          Rampage  .   f - +0 pair of gloves
Will    +....                   (no boots)
Stlth   ++........              a - amulet of magic regeneration
HPRegen 0.13/turn               d - +4 ring of slaying
MPRegen 0.58/turn               o - ring of positive energy

@: no status effects
A: no striking features
a: Renounce Religion


You were on level 6 of the Dungeon.
You worshipped Vehumet.
Vehumet was noncommittal.
You visited 2 branches of the dungeon, and saw 7 of its levels.

You collected 228 gold pieces.

Inventory:

Hand Weapons
 v - a +0 dagger of protection
 J - a +6 flail of protection (weapon)
Armour
 c - a +2 robe of willpower (worn)
 f - a +0 pair of gloves (worn)
 F - a +0 cloak (worn)
Jewellery
 a - an amulet of magic regeneration (around neck)
 d - a +4 ring of slaying (left hand)
 o - a ring of positive energy (right hand)
 C - a ring of see invisible
Wands
 s - a wand of flame (22)
 w - a wand of digging (8)
Scrolls
 e - 2 scrolls of enchant weapon {unknown}
 h - 3 scrolls of blinking {unknown}
 k - a scroll of poison {unknown}
 m - 2 scrolls of enchant armour {unknown}
 n - 3 scrolls of identify {unknown}
 p - 2 scrolls of silence {unknown}
 q - a scroll of brand weapon {unknown}
 r - 2 scrolls of torment {unknown}
 u - a scroll of summoning {unknown}
 x - 3 scrolls of teleportation {unknown}
 y - 2 scrolls of noise {unknown}
 B - 2 scrolls of magic mapping {unknown}
 D - 2 scrolls of immolation {unknown}
 G - a scroll of vulnerability {unknown}
 H - a scroll of fog {unknown}
 I - a scroll of fear {unknown}
Potions
 b - a potion of magic
 g - 2 potions of resistance {unknown}
 i - 2 potions of brilliance {unknown}
 j - 2 potions of curing {unknown}
 l - a potion of degeneration {unknown}
 t - 2 potions of flight {unknown}
 z - 2 potions of might {unknown}
 A - a potion of attraction {unknown}
 E - a potion of heal wounds {unknown}
 K - a potion of mutation {unknown}


   Skills:
 + Level 4.8 Dodging
 - Level 2.4 Stealth
 - Level 9.0 Spellcasting
 - Level 9.0 Conjurations
 - Level 6.0 Hexes
 - Level 3.0 Translocations


You had 11 spell levels left.
You knew the following spells:

 Your Spells              Type           Power      Damage    Failure   Level
a - Magic Dart            Conj           100%       1d8       1%          1
b - Searing Ray           Conj           100%       2d8       1%          2
c - Fulminant Prism       Conj/Hex       25%        3d14      2%          4
d - Conjure Flame         Conj/Fire      35%        6-21      2%          3
e - Iskenderun's Mystic   Conj/Tloc      42%        2d10      4%          4

Your spell library contained the following spells:

 Spells                   Type           Power      Damage    Failure   Level
 Dazzling Flash           Conj/Hex       100%       N/A       1%          3
 Sticky Flame             Conj/Fire      35%        2d5       8%          4
 Ignite Poison            Fire/Tmut/Pois 11%        N/A       16%         3
 Ozocubu's Armour         Ice            11%        N/A       16%         3
 Ozocubu's Refrigeration  Ice            5%         4d8       100%        7


Dungeon Overview and Level Annotations

Branches:
Dungeon (6/15)             Temple (1/1) D:6

Altars:
Ashenzari
Cheibriados
Dithmenos
Elyvilon
Fedhas
Gozag
Hepliaklqana
Kikubaaqudgha
Makhleb
Nemelex Xobeh
Okawaru
Qazlal
Ru
Sif Muna
Trog
Uskayaw
Vehumet
Wu Jian
Xom
Yredelemnul
Zin
The Shining One

Shops:
D:4 =

Annotations:
D:6 Maggie


Message History

Press: ? - help, Dir - move target You conjure a prism of explosive energy!
Maggie shouts!
A fulminant prism comes into view.
Casting: Fulminant Prism (dangerous; 2% risk of failure)
Confirm with . or Enter, or press ? or * to list all spells.
Aiming: Searing Ray (safe; 1% risk of failure)
Press: ? - help, Shift-Dir - straight line, f - Maggie
Aim: Maggie, wielding a +0 halberd, wearing +0 steam dragon scales and wearing a +4 ring of evasion (ally target, 74% to hit)
The searing ray misses Maggie. (Press . to maintain the ray.)
Your fulminant prism crackles loudly.
The searing ray hits Maggie!
Maggie is lightly wounded.
Your fulminant prism explodes!
The blast of energy engulfs Maggie!!
Maggie is heavily wounded.
The searing ray hits Maggie!
Maggie is severely wounded.
Maggie says, "Fear not.
I will immortalize you in the tale of my first kill."
Maggie points at you and mumbles some strange words.
The bolt of fire misses you.
The searing ray hits Maggie!
Maggie is almost dead.
You finish channelling your searing ray.
Maggie hits you from afar with a +0 halberd!
Press: ? - help, v - describe, . - travel, g - get item Item here: 8 gold pieces.
The floor, spattered with blood.
Casting: Searing Ray (safe; 1% risk of failure)
Confirm with . or Enter, or press ? or * to list all spells.
Aiming: Searing Ray (safe; 1% risk of failure)
Press: ? - help, Shift-Dir - straight line, f/p - Maggie
Aim: Maggie, wielding a +0 halberd, wearing +0 steam dragon scales and wearing a +4 ring of evasion (almost dead, 74% to hit)
The searing ray misses Maggie. (Press . to maintain the ray.) Maggie gestures at you while chanting.
The bolt of fire hits you!!
Ouch! That really hurt!
You die...

#........
########.###.#...
#..............# ####
#.######.####..#
...########.# #.....[....
............# #.........#
...#############.#.####.##
#..#. #.## #........#.# #
#.... #.# #.######@#.#
.... #.# #....# ... #.#
#..@..... .. #.#
#.......... #. #.#
........#.# ##. #.#
.........# # ####.< #.#
#.........# #......# #.#
###........ ........ #.#
........


You could see Maggie.

Vanquished Creatures
  Pikel (D:6)
  Grinder (D:3)
  Edmund (D:6)
  2 water moccasins (D:5)
  3 black bears
  An ogre (D:4)
  3 lemures (D:6)
  A scorpion (D:4)
  4 hounds
  A jelly (D:6)
  An orc priest (D:5)
  Terence (D:3)
  Jessica (D:3)
  3 iguanas
  3 orc wizards (D:5)
  7 adders
  A shadow imp (D:5)
  An ufetubus (D:6)
  3 worms
  2 dart slugs (D:1)
  9 orcs
  9 ball pythons
  5 bats
  4 endoplasms
  2 giant cockroaches
  6 goblins
  4 hobgoblins
  10 jackals
  2 quokkas
  2 frilled lizards
  9 kobolds
  4 rats
107 creatures vanquished.

Vanquished Creatures (others)
  16 fulminant prisms
16 creatures vanquished.

Grand Total: 123 creatures vanquished

Notes
Turn   | Place    | Note
-------+----------+-------------------------------------------
     0 | D:1      | RevDB the Deep Elf Conjurer began the quest for the Orb.
     0 | D:1      | Reached XP level 1. HP: 10/10 MP: 6/6
   102 | D:1      | Reached XP level 2. HP: 15/15 MP: 2/8
   137 | D:1      | Reached skill level 5 in Conjurations
   140 | D:1      | Learned a level 2 spell: Searing Ray
   561 | D:2      | Reached XP level 3. HP: 19/19 MP: 6/10
   650 | D:2      | Found a basalt altar of Yredelemnul.
   850 | D:2      | Found a faded altar of an unknown god.
  1146 | D:3      | Reached XP level 4. HP: 24/24 MP: 10/12
  1152 | D:3      | Learned a level 4 spell: Fulminant Prism
  1174 | D:3      | Noticed Terence
  1178 | D:3      | Killed Terence
  1353 | D:3      | Noticed Grinder
  1366 | D:3      | Killed Grinder
  1367 | D:3      | Reached skill level 5 in Hexes
  1367 | D:3      | Reached skill level 5 in Spellcasting
  1367 | D:3      | Reached XP level 5. HP: 18/28 MP: 3/14
  1367 | D:3      | Reached XP level 6. HP: 21/32 MP: 3/15
  1455 | D:3      | Noticed Jessica
  1460 | D:3      | Killed Jessica
  1787 | D:4      | Learned a level 3 spell: Conjure Flame
  1792 | D:4      | Learned a level 4 spell: Iskenderun's Mystic Blast
  1890 | D:4      | Reached skill level 1 in Translocations
  2022 | D:4      | Found Doibag's One-of-a-Kind Rings.
  2079 | D:4      | Reached XP level 7. HP: 27/36 MP: 16/18
  2239 | D:5      | Entered Level 5 of the Dungeon
  2700 | D:5      | Identified the +4 mace "Naint" {vorpal, +Blink MP-9 Str+3
                  | Int+2}
  2705 | D:5      | Reached XP level 8. HP: 20/41 MP: 16/22
  2811 | D:5      | Found an ancient bone altar of Kikubaaqudgha.
  2811 | D:5      | Found a white marble altar of Elyvilon.
  2816 | D:5      | Found a hazy altar of Hepliaklqana.
  2818 | D:5      | Found a shimmering altar of Xom.
  2819 | D:5      | Found a shimmering blue altar of Sif Muna.
  3242 | D:6      | Noticed Maggie
  3282 | D:6      | Noticed Pikel
  3554 | D:6      | Found a staircase to the Ecumenical Temple.
  3560 | Temple   | Entered the Ecumenical Temple
  3576 | Temple   | Became a worshipper of Vehumet
  3742 | D:6      | Noticed Edmund
  3750 | D:6      | Killed Edmund
  4098 | D:6      | Killed Pikel
  4360 | D:6      | Killed from afar by Maggie

Illustrated notes

Levels and vault maps discovered:
D:1:      psy_arrival_basics, layout_loops_ring, hangedman_decor_riveting
D:2:      layout_basic, hellmonk_ecumenical_altar_inner_sanctum, basic_altar
D:3:      layout_loops_ring, uniq_grinder, uniq_jessica, uniq_terence
D:4:      layout_layer_cave, minmay_misc_feat_iff, nicolae_shop_unique_rings
D:5:      layout_cave_pods, chequers_temple_overflow_minitemple
D:6:      layout_loops_ring, temple_green, serial_shops, shop, uniq_maggie,
          uniq_edmund, uniq_pikel
Temple:   nicolae_temple_bog_church

Skill      XL: |  1  2  3  4  5  6  7  8 |
---------------+-------------------------+-----
Conjurations   | 5 6 7 9 |  9.0
Spellcasting   | 4 5 6 8 9 |  9.0
Dodging        | 3 4 |  4.8
Hexes          | 5 6 |  6.0
Translocations | 2 3 |  3.0
Stealth        | |  2.4

Action                   |  1- 3 |  4- 6 |  7- 9 || total
-------------------------+-------+-------+-------++-------
Melee: Dagger            |    14 |    18 |    48 ||    80
 Cast: Magic Dart        |    68 |    26 |    25 ||   119
       Searing Ray       |     2 |    14 |    16 ||    32
       Fulminant Prism   |       |     3 |    13 ||    16
       Iskenderun's Myst |       |       |     5 ||     5
 Stab: Sleeping          |       |     1 |       ||     1
Armor: Robe              |     7 |     6 |    25 ||    38
Dodge: Dodged            |    10 |    21 |    38 ||    69

Table legend: (Time is in decaauts)
 A = Elapsed time spent in this place.
 B = Non-inter-level travel time spent in this place.
 C = Inter-level travel time spent in this place.
 D = Time resting spent in this place.
 E = Time spent auto-exploring this place.
 F = Levels seen in this place.
 G = Mean time per level.
                   A        B        C        D        E       F      G
               +--------+--------+--------+--------+--------+-----+--------+
         Total |   4360 |   4210 |    150 |    644 |    737 |   7 |  622.9 |
       Dungeon |   3960 |   3822 |    138 |    416 |    614 |   6 |  660.0 |
        Temple |    400 |    388 |     12 |    228 |    123 |   1 |  400.0 |
               +--------+--------+--------+--------+--------+-----+--------+

Top non-repeatable levels by time:
     D:5: 1259 daAuts
     D:2: 577 daAuts
     D:4: 574 daAuts
     D:1: 557 daAuts
     D:3: 527 daAuts
     D:6: 464 daAuts
  Temple: 400 daAuts
